 Dungeon Crawl Stone Soup version 0.29.1-12-g30fa7ad0bf (webtiles) character file.

Game seed: 8849059208437359621

39 wormed the Ruffian (level 3, 0/35 HPs)
             Began as a Troll Gladiator on Dec 21, 2022.
             Slain by Sigmund
             ... wielding a +0 scythe
              (2 damage)
             ... on level 2 of the Dungeon.
             The game lasted 00:01:57 (633 turns).

wormed the Ruffian (Troll Gladiator)                 Turns: 633, Time: 00:01:58

Health: 0/35       AC:  4    Str: 22    XL:     3   Next: 28%
Magic:  2/2        EV:  9    Int:  4    God:
Gold:   55         SH:  0    Dex: 13    Spells: 2/2 levels left

rFire   . . .      SeeInvis .     - Unarmed
rCold   . . .      Faith    .   h - +0 kite shield
rNeg    . . .      Spirit   .   a - +0 robe
rPois   .          Reflect  .   b - +0 hat
rElec   .          Harm     .   (no cloak)
rCorr   .          Rampage  .   (gloves unavailable)
Will    .....                   (boots unavailable)
Stlth   +.........              (no amulet)
HPRegen 0.91/turn               (no ring)
MPRegen 0.08/turn               (no ring)

@: confused
A: large, unfitting armour, claws 3, regeneration 1, shaggy fur 1, tough skin 1
a: no special abilities


You were on level 2 of the Dungeon.
You visited 1 branch of the dungeon, and saw 2 of its levels.

You collected 55 gold pieces.

Inventory:

Missiles
 c - 3 throwing nets
 d - a large rock (quivered)
Armour
 a - a +0 robe (worn)
 b - a +0 hat (worn)
 h - a +0 kite shield (worn)
Scrolls
 e - 2 scrolls of teleportation {unknown}
 g - 2 scrolls of identify {unknown}
 i - a scroll of vulnerability {unknown}
 m - a scroll of blinking {unknown}
Potions
 f - a potion of curing {unknown}
 j - a potion of attraction {unknown}
 k - a potion of might {unknown}
 l - 2 potions of degeneration {unknown}


   Skills:
 + Level 1.9 Fighting
 + Level 2.1 Throwing
 + Level 2.6 Dodging
 + Level 0.8 Shields
 * Level 3.5 Unarmed Combat


You had 2 spell levels left.
You didn't know any spells.
Your spell library was empty.

Dungeon Overview and Level Annotations

Branches:
Dungeon (2/15)

Altars:

Annotations:
D:2 Sigmund


Innate Abilities, Weirdness & Mutations

You are too large for most types of armour.
You have claws for hands.
Your natural rate of healing is unusually fast.
You are covered in fur. (AC +1)
You have tough skin. (AC +1)


Message History

You closely miss the giant cockroach.
The giant cockroach bites you but does no damage. x2
You completely miss the giant cockroach.
The giant cockroach barely misses you.
You claw the giant cockroach!
You kill the giant cockroach!
Something hits you!
The ball python bites you but does no damage.
You claw the hobgoblin!
You kill the hobgoblin!
The ball python bites you but does no damage.
You block something's attack.
You scratch the ball python.
The ball python is moderately wounded.
The ball python barely misses you.
You scratch the ball python.
You kill the ball python!
The bat completely misses you. Something hits you! The bat barely misses you.
The hobgoblin hits you but does no damage.
You hear some strange, mumbled words.
You are confused.
You see here a giant cockroach corpse.
Something hits you! The hobgoblin attacks as you move away!
The hobgoblin hits you but does no damage.
The bat attacks as you move away! The bat hits you. x2
The bat hits you but does no damage. The bat closely misses you.
The hobgoblin hits you but does no damage.
Something hits you!
* * * LOW HITPOINT WARNING * * *
The bat closely misses you.
You see here a giant cockroach corpse.
You bump into the rock wall.
The bat hits you.
* * * LOW HITPOINT WARNING * * *
The hobgoblin hits you.
* * * LOW HITPOINT WARNING * * *
You hear some strange, mumbled words.
Something tries to affect you, but you resist.
Something hits you.
You die...

#.# #..# #.#.# ...#
#...###..## #.#..
.... #.#.# #..###
### #.#.# #....#
...#
#.#.###.{###..###.
#......bg@........
####'.###..###..#.#.
#.....#......# .#
#.....###..### #
#...........
#............
##.....#
###............#
........
#..............#
#.......
#............
#.......


You could see a hobgoblin and a bat.

Vanquished Creatures
  A gnoll (D:1)
  2 dart slugs (D:1)
  2 bats
  An endoplasm (D:2)
  2 giant cockroaches
  A goblin (D:1)
  A hobgoblin (D:2)
  5 kobolds
  A quokka (D:1)
  5 ball pythons
  2 frilled lizards
  A rat (D:1)
24 creatures vanquished.

Notes
Turn   | Place    | Note
-------+----------+-------------------------------------------
     0 | D:1      | wormed the Troll Gladiator began the quest for the Orb.
     0 | D:1      | Reached XP level 1. HP: 19/19 MP: 0/0
   113 | D:1      | Reached XP level 2. HP: 28/28 MP: 1/1
   310 | D:1      | Reached XP level 3. HP: 35/35 MP: 2/2
   520 | D:2      | Noticed Sigmund
   580 | D:2      | HP: 1/35 [something/magic dart (11)]
   585 | D:2      | Noticed a golden eye
   586 | D:2      | Found a faded altar of an unknown god.
   589 | D:2      | Noticed a floating eye
   594 | D:2      | Noticed a shining eye
   605 | D:2      | Noticed a golden eye
   633 | D:2      | Slain by Sigmund

Illustrated notes

Levels and vault maps discovered:
D:1:      dpeg_arrival_lava_altar, layout_rooms
D:2:      layout_basic, hellmonk_ecumenical_altar_watching_god, hex_tiny,
          serial_bayou_ford_a, minmay_misc_feat_nine_boxes, uniq_sigmund

Skill      XL: |  1  2 |
---------------+-------+-----
Throwing       | 2 |  2.1
Fighting       | |  1.9
Dodging        | |  2.6
Shields        | |  0.8
Unarmed Combat | |  3.5

Action                   || total
-------------------------++-------
Melee: Unarmed           ||    83
Armor: Robe              ||    61
Dodge: Dodged            ||    61
Block: Kite shield       ||    49
